[Event "*** SCC Grand Prix: Titled Tuesday Blitz"]
[Site "Chess.com"]
[Date "2020.10.06"]
[Round "1"]
[White "Caterpiller35"]
[Black "lacafi"]
[Result "1-0"]
[WhiteElo "2503"]
[BlackElo "2099"]
[TimeControl "180+1"]
[EndTime "10:01:27 PDT"]
[Termination "Caterpiller35 won by resignation"]

1. d4 f5 2. Nc3 Nf6 3. Bg5 g6 4. Bxf6 exf6 5. h4 d5 6. h5 Bg7 7. e3 c6 8. Qf3 Qe7 9. Bd3 Nd7 10.
Nge2 Nf8 11. h6 1-0

[Event "*** SCC Grand Prix: Titled Tuesday Blitz"]
[Site "Chess.com"]
[Date "2020.10.06"]
[Round "1"]
[White "fighter2jz"]
[Black "PlotnikovPavel"]
[Result "1-0"]
[WhiteElo "2691"]
[BlackElo "2360"]
[TimeControl "180+1"]
[EndTime "10:01:38 PDT"]
[Termination "fighter2jz won by resignation"]

1. e4 c5 2. Nf3 Nc6 3. d4 cxd4 4. Nxd4 Nf6 5. Nc3 e5 6. Ndb5 d6 7. Nd5 a6 8. Nbc7+ Kd7 9. Nxa8 Nxd5 10. exd5 Ne7 11. Be3 Qa5+ 12. c3 Qxd5 13. Nb6+ 1-0

[Event "*** SCC Grand Prix: Titled Tuesday Blitz"]
[Site "Chess.com"]
[Date "2020.10.06"]
[Round "1"]
[White "Artyom_ChessMate"]
[Black "catzapto"]
[Result "1-0"]
[WhiteElo "2512"]
[BlackElo "2137"]
[TimeControl "180+1"]
[EndTime "10:01:47 PDT"]
[Termination "Artyom_ChessMate won by resignation"]

1. e4 c5 2. Nc3 Nc6 3. Bb5 Nd4 4. Nf3 Nxb5 5. Nxb5 a6 6. Nc3 e6 7. d4 cxd4 8. Qxd4 Nf6 9. Bg5 Be7 10. O-O-O h6 11. Bh4 b5 12. e5 Nd5 13. Nxd5 Bxh4 14. Nb6 Bg5+ 15. Nxg5 Qxg5+ 16. f4 Qd8 17. Nxa8 Bb7 18. Nb6 O-O 19. Nxd7 Re8 20. Nf6+ 1-0

[Event "*** SCC Grand Prix: Titled Tuesday Blitz"]
[Site "Chess.com"]
[Date "2020.10.06"]
[Round "1"]
[White "Chessdude1987"]
[Black "Iskusnyh"]
[Result "0-1"]
[WhiteElo "2237"]
[BlackElo "2557"]
[TimeControl "180+1"]
[EndTime "10:02:19 PDT"]
[Termination "Iskusnyh won by resignation"]

1. e4 e6 2. d4 d5 3. Nc3 Nf6 4. e5 Nfd7 5. f4 c5 6. Nf3 Nc6 7. Be3 Rb8 8. dxc5 Bxc5 9. Qd2 Qa5 10. Be2 b5 11. O-O b4 12. Nd1 Ba6 13. Bxa6 Qxa6 14.
Kh1 Qxf1+ 0-1

[Event "*** SCC Grand Prix: Titled Tuesday Blitz"]
[Site "Chess.com"]
[Date "2020.10.06"]
[Round "1"]
[White "Panterov"]
[Black "Sammed_Shete"]
[Result "1-0"]
[WhiteElo "2317"]
[BlackElo "2597"]
[TimeControl "180+1"]
[EndTime "10:02:22 PDT"]
[Termination "Panterov won by resignation"]

1. e4 c5 2. b3 Nc6 3. Bb2 e5 4. Nc3 d6 5. Bc4 Be7 6. Nge2 Nf6 7. O-O O-O 8. f4 exf4 9. Nxf4 Ne5 10. Bd5 Nxd5 11. Ncxd5 f5 12. Nxe7+ Qxe7 13. Nd5 Qd8 14. exf5 Bxf5 15. d4 Ng6 16. c4 Qd7 17. dxc5 dxc5 18. Qd2 Be4 19. Nf6+ 1-0

[Event "*** SCC Grand Prix: Titled Tuesday Blitz"]
[Site "Chess.com"]
[Date "2020.10.06"]
[Round "1"]
[White "gui_borba"]
[Black "ChessWarrior7197"]
[Result "0-1"]
[WhiteElo "2470"]
[BlackElo "3000"]
[TimeControl "180+1"]
[EndTime "10:02:26 PDT"]
[Termination "ChessWarrior7197 won by resignation"]

1. d4 d5 2. Bf4 Nf6 3. e3 c5 4. c3 Nc6 5. Nd2 Bf5 6. Ngf3 Qb6 7.
Qb3 c4 8. Qxb6 axb6 9. a3 b5 10. Rc1 h6 11. h3 e6 12. Ne5 Nxe5 13. Bxe5 Nd7 14. Bf4 Nb6 15. g4 Bh7 16. Bg2 Na4 17.
e4 Nxb2 18. Bg3 Nd3+ 19. Ke2 Nxc1+ 20. Rxc1 Bxa3 21. Re1 O-O 0-1

[Event "*** SCC Grand Prix: Titled Tuesday Blitz"]
[Site "Chess.com"]
[Date "2020.10.06"]
[Round "1"]
[White "GukeshDommaraju"]
[Black "sewin16"]
[Result "1-0"]
[WhiteElo "2803"]
[BlackElo "2412"]
[TimeControl "180+1"]
[EndTime "10:02:29 PDT"]
[Termination "GukeshDommaraju won by resignation"]

1. d4 Nf6 2. Nf3 e6 3. Bf4 d5 4.
e3 Bd6 5. Nbd2 O-O 6. Bd3 b6 7. O-O Bb7 8. Ne5 c5 9. c3 Ne4 10. Bxe4 dxe4 11. Ndc4 Be7 12. dxc5 Bxc5 13. Qg4 f5 14. Qg3 Bd5 15. Rfd1 Qf6 1-0

[Event "*** SCC Grand Prix: Titled Tuesday Blitz"]
[Site "Chess.com"]
[Date "2020.10.06"]
[Round "1"]
[White "Atakishiyev04"]
[Black "KyrgyzFighter"]
[Result "1-0"]
[WhiteElo "2744"]
[BlackElo "2386"]
[TimeControl "180+1"]
[EndTime "10:02:29 PDT"]
[Termination "Atakishiyev04 won by resignation"]

1. e4 e6 2. d4 d5 3. Nc3 Nf6 4. e5 Nfd7 5. Nce2 c5 6. c3 Nc6 7. Nf3 cxd4 8. cxd4 Qb6 9. a3 Be7 10. h4 O-O 11. Nf4 a5 12. Bd3 h6 13. Bc2 Re8 14.
Qd3 Nf8 15. Rh3 f6 16. Rg3 fxe5 17. Nh5 1-0

[Event "*** SCC Grand Prix: Titled Tuesday Blitz"]
[Site "Chess.com"]
[Date "2020.10.06"]
[Round "1"]
[White "LubovMarkelova"]
[Black "valeriocarnicelli"]
[Result "0-1"]
[WhiteElo "2212"]
[BlackElo "2545"]
[TimeControl "180+1"]
[EndTime "10:02:43 PDT"]
[Termination "valeriocarnicelli won by resignation"]

1. Nf3 Nf6 2. c4 c6 3. d4 d5 4.
e3 e6 5. b3 Nbd7 6. Bb2 Bd6 7.
Bd3 Ne4 8. O-O O-O 9. Nbd2 f5 10.
Ne5 Rf6 11. f3 Nxd2 12. Qxd2 Rh6 13. e4 Nxe5 14. dxe5 Bc5+ 15. Rf2 dxe4 16. fxe4 fxe4 0-1

[Event "*** SCC Grand Prix: Titled Tuesday Blitz"]
[Site "Chess.com"]
[Date "2020.10.06"]
[Round "1"]
[White "Gajuchess"]
[Black "Chessdreamer2020"]
[Result "0-1"]
[WhiteElo "2791"]
[BlackElo "2434"]
[TimeControl "180+1"]
[EndTime "10:03:09 PDT"]
[Termination "Chessdreamer2020 won by resignation"]

1. c4 d6 2. d4 e5 3. Nc3 exd4 4. Qxd4 Nc6 5. Qd2 Nf6 6. b3 a5 7. Bb2 a4 8. Nxa4 d5 9. cxd5 Ne4 10. Qe3 Rxa4 11.
bxa4 Bb4+ 12. Kd1 Qxd5+ 13. Kc1 Bd2+ 0-1

[Event "*** SCC Grand Prix: Titled Tuesday Blitz"]
[Site "Chess.com"]
[Date "2020.10.06"]
[Round "1"]
[White "731291"]
[Black "tk22h"]
[Result "1-0"]
[WhiteElo "2654"]
[BlackElo "2335"]
[TimeControl "180+1"]
[EndTime "10:03:09 PDT"]
[Termination "731291 won by resignation"]

1. e4 e5 2. Nf3 Nc6 3. Bb5 a6 4. Ba4 Nf6 5. O-O Be7 6. d3 b5 7. Bb3 d6 8. a3 O-O 9. Nc3 Be6 10. Nd5 Na5 11. Nxf6+ Bxf6 12. Bxe6 fxe6 13. b4 Nc6 14. c3 d5 15. Qb3 Kh8 16. Be3 Qd7 17. Rfd1 d4 18.
cxd4 exd4 19. Bf4 e5 20. Bd2 Nd8 21. Rac1 Ne6 22. Qd5 Qf7 23. Rc6 Ng5 24. Bxg5 Bxg5 25.
Qxf7 1-0

[Event "*** SCC Grand Prix: Titled Tuesday Blitz"]
[Site "Chess.com"]
[Date "2020.10.06"]
[Round "1"]
[White "Msb2"]
[Black "GlennTipton"]
[Result "1-0"]
[WhiteElo "2905"]
[BlackElo "2455"]
[TimeControl "180+1"]
[EndTime "10:03:21 PDT"]
[Termination "Msb2 won by resignation"]

1. d4 Nf6 2. c4 c5 3. d5 e6 4. Nc3 exd5 5. cxd5 d6 6. Nf3 g6 7. Bg5 h6 8. Bh4 g5 9. Bg3 Nh5 10. Nd2 Bg7 11. Nc4 Nxg3 12. hxg3 a6 13. a4 O-O 14. e4 f5 15. exf5 Bxf5 16. Ne3 Qf6 17. Be2 Nd7 18. O-O Bg6 19. Bg4 Rfd8 20. Be6+ Bf7 21.
Ne4 Qe7 22. Nf5 Qf8 23. Nexd6 Bxe6 24. dxe6 Ne5 25. e7 1-0

[Event "*** SCC Grand Prix: Titled Tuesday Blitz"]
[Site "Chess.com"]
[Date "2020.10.06"]
[Round "1"]
[White "Eliwood44"]
[Black "Rodalquilar"]
[Result "0-1"]
[WhiteElo "2405"]
[BlackElo "2799"]
[TimeControl "180+1"]
[EndTime "10:03:21 PDT"]
[Termination "Rodalquilar won by resignation"]

1. d4 d5 2. Nf3 Nf6 3. c4 e6 4. g3 Be7 5. Bg2 O-O 6. O-O dxc4 7. Qc2 a6 8. a4 Bd7 9. Rd1 Nc6 10. Qxc4 b5 11. Qc2 Nb4 12. Qd2 Ne4 13. Qf4 f5 14. Na3 Nd5 15. Qe5 Bd6 0-1

[Event "*** SCC Grand Prix: Titled Tuesday Blitz"]
[Site "Chess.com"]
[Date "2020.10.06"]
[Round "1"]
[White "PavelChernomordik"]
[Black "kingnb"]
[Result "1-0"]
[WhiteElo "2356"]
[BlackElo "2643"]
[TimeControl "180+1"]
[EndTime "10:03:24 PDT"]
[Termination "PavelChernomordik won by resignation"]

1. e4 d5 2. exd5 Nf6 3. Bb5+ Bd7 4. Bc4 Bg4 5. f3 Bf5 6. g4 Bg6 7. Nc3 Nbd7 8. g5 Nh5 9. d4 a6 10. a4 Nb6 11. Bb3 Qd7 12. a5 Nc8 13. Ba4 c6 14. dxc6 bxc6 15. d5 Na7 16. dxc6 Qc7 17.
Be3 e6 18. Qd7+ Qxd7 19. cxd7+ Kd8 20. Bb6+ Ke7 21. O-O-O 1-0

[Event "*** SCC Grand Prix: Titled Tuesday Blitz"]
[Site "Chess.com"]
[Date "2020.10.06"]
[Round "1"]
[White "Colombiano07"]
[Black "ftorodent"]
[Result "0-1"]
[WhiteElo "2351"]
[BlackElo "2672"]
[TimeControl "180+1"]
[EndTime "10:03:29 PDT"]
[Termination "ftorodent won by resignation"]

1. d4 f5 2. Nc3 Nf6 3. Bg5 d5 4. e3 g6 5. Bxf6 exf6 6. Qf3 Be6 7. O-O-O Nc6 8. h4 h5 9. Nh3 Bf7 10. Nf4 Ne7 11. Bd3 Qd7 12. Kb1 O-O-O 13. g3 Kb8 14. Qg2 Nc8 15. f3 Bb4 16. Nce2 Rhe8 17. Qf2 Qe7 18. Ng2 Nb6 19. c3 Bd6 20. Nef4 c5 21.
Rhe1 Qc7 22. Bb5 Re7 23. Re2 c4 0-1

[Event "*** SCC Grand Prix: Titled Tuesday Blitz"]
[Site "Chess.com"]
[Date "2020.10.06"]
[Round "1"]
[White "AlexOstrovskiy"]
[Black "Teo2000"]
[Result "1-0"]
[WhiteElo "2755"]
[BlackElo "2396"]
[TimeControl "180+1"]
[EndTime "10:03:31 PDT"]
[Termination "AlexOstrovskiy won by resignation"]

1. d4 Nf6 2. Bf4 c5 3. dxc5 Nc6 4. Nc3 e5 5. Bg5 Bxc5 6. e3 h6 7. Bxf6 gxf6 8. Bc4 d6 9. Qh5 Rf8 10. O-O-O Qa5 11.
Ne4 Bd7 12. Nxf6+ Kd8 13. Qxh6 Kc7 14. Nd5+ Kb8 15. Qxf8+ 1-0

[Event "*** SCC Grand Prix: Titled Tuesday Blitz"]
[Site "Chess.com"]
[Date "2020.10.06"]
[Round "1"]
[White "gilbert_gm"]
[Black "CakeinSpace2002"]
[Result "1-0"]
[WhiteElo "2565"]
[BlackElo "2252"]
[TimeControl "180+1"]
[EndTime "10:03:39 PDT"]
[Termination "gilbert_gm won by resignation"]

1. c4 c6 2. Nc3 d5 3. d4 Nf6 4. Nf3 e6 5. Bg5 Nbd7 6. e3 Qa5 7. Qc2 Bb4 8. Nd2 dxc4 9. Bxf6 Nxf6 10. Nxc4 Qc7 11. Be2 c5 12. dxc5 Qxc5 13. O-O Bxc3 14. Qxc3 Bd7 15. Rac1 O-O 16. Ne5 Qxc3 17. Rxc3 Rfc8 18.
Rfc1 Rxc3 19. Rxc3 Rc8 20. Nxd7 Rxc3 21. Nxf6+ gxf6 22. bxc3 1-0

[Event "*** SCC Grand Prix: Titled Tuesday Blitz"]
[Site "Chess.com"]
[Date "2020.10.06"]
[Round "1"]
[White "TrickyFortem"]
[Black "Hikaru"]
[Result "0-1"]
[WhiteElo "2475"]
[BlackElo "3229"]
[TimeControl "180+1"]
[EndTime "10:03:41 PDT"]
[Termination "Hikaru won by resignation"]

1. d4 g6 2. c4 Bg7 3. Nf3 c5 4. d5 d6 5. e4 Nf6 6. Nc3 Bg4 7.
Be2 Bxf3 8. Bxf3 O-O 9. O-O Na6 10. Re1 Nd7 11. Be2 Nc7 12. Bf1 a6 13. h4 b5 14.
cxb5 axb5 15. Nxb5 Nb6 16. h5 c4 17. Nd4 Qd7 18. a3 Na6 19. Rb1 Nc5 20. b4 cxb3 21. Nxb3 Nca4 22. Qf3 Nc3 23. Rb2 Rxa3 24. Be3 Nba4 25. Rbb1 Nxb1 26. Rxb1 Nc3 27. Rb2 Nxd5 28. exd5 Bxb2 29. Nd2 Bg7 30. Ne4 Qf5 31. Qxf5 gxf5 32. Ng5 Rxe3 33. fxe3 Bh6 34. Nf3 Bxe3+ 35. Kh2 e5 36. dxe6 fxe6 37. Bb5 Kf7 38. Kg3 Rg8+ 39. Kh3 Kf6 40. Bc4 Bf4 0-1

[Event "*** SCC Grand Prix: Titled Tuesday Blitz"]
[Site "Chess.com"]
[Date "2020.10.06"]
[Round "1"]
[White "Th3_Hound"]
[Black "CzechmVIII"]
[Result "0-1"]
[WhiteElo "2493"]
[BlackElo "2145"]
[TimeControl "180+1"]
[EndTime "10:03:44 PDT"]
[Termination "CzechmVIII won by resignation"]

1. e4 c5 2. Nf3 d6 3. d4 cxd4 4.
Nxd4 Nf6 5. Nc3 g6 6. Be3 Bg7 7. f3 Nc6 8. Qd2 O-O 9. O-O-O d5 10. exd5 Nxd5 11. Nxc6 bxc6 12. Bd4 Nxc3 13. Qxc3 Bh6+ 14.
Be3 Bxe3+ 15. Qxe3 Qb6 16. Qxe7 Be6 17. Qa3 Rad8 18. Bd3 Rd5 19. b3 Rfd8 20. Rhe1 c5 21. Qa4 Rd4 22. Qa6 Rxd3 0-1

[Event "*** SCC Grand Prix: Titled Tuesday Blitz"]
[Site "Chess.com"]
[Date "2020.10.06"]
[Round "1"]
[White "DariaVoit"]
[Black "MikeSailer"]
[Result "1-0"]
[WhiteElo "2502"]
[BlackElo "2066"]
[TimeControl "180+1"]
[EndTime "10:03:51 PDT"]
[Termination "DariaVoit won by resignation"]

1. f4 d5 2. Nf3 g6 3. g3 Bg7 4.
Bg2 b6 5. O-O Bb7 6. d4 Nd7 7.
Ne5 Ngf6 8. c4 e6 9. Nc3 Qc8 10. b3 dxc4 11. bxc4 Bxg2 12. Kxg2 Qb7+ 13. Kg1 Nxe5 14.
fxe5 Ne4 15. Qa4+ Kf8 16. Qd7 f5 17. exf6 Nxf6 18. Bh6 1-0

[Event "*** SCC Grand Prix: Titled Tuesday Blitz"]
[Site "Chess.com"]
[Date "2020.10.06"]
[Round "1"]
[White "misterlamine"]
[Black "DenisQ"]
[Result "0-1"]
[WhiteElo "2336"]
[BlackElo "2655"]
[TimeControl "180+1"]
[EndTime "10:03:52 PDT"]
[Termination "DenisQ won by checkmate"]

1. d4 Nf6 2. c4 c6 3. Nc3 d5 4.
Nf3 e6 5. Bg5 h6 6. Bxf6 Qxf6 7.
e4 dxe4 8. Nxe4 Bb4+ 9. Nc3 O-O 10. Bd3 c5 11. O-O cxd4 12. Ne4 Qf4 13. Nxd4 Rd8 14. Nc2 Nc6 15. Qe2 Be7 16. Rad1 Bd7 17. a3 Be8 18. b4 Nd4 19. Nxd4 Rxd4 20. Bb1 Rad8 21. Rxd4 Rxd4 22. c5 a6 23. Qc2 Bb5 24. Rd1 Qxe4 25. Rxd4 Qe1# 0-1

[Event "*** SCC Grand Prix: Titled Tuesday Blitz"]
[Site "Chess.com"]
[Date "2020.10.06"]
[Round "1"]
[White "K_A_S_T_O_R"]
[Black "zmeeed67"]
[Result "1-0"]
[WhiteElo "2733"]
[BlackElo "2379"]
[TimeControl "180+1"]
[EndTime "10:04:00 PDT"]
[Termination "K_A_S_T_O_R won by resignation"]

1. e4 Nc6 2. Nf3 d6 3. Bb5 Bd7 4. d4 Nf6 5. Nc3 a6 6. Bxc6 Bxc6 7. d5 Bd7 8. O-O g6 9. h3 Bg7 10. Bf4 O-O 11. e5 dxe5 12. Bxe5 Bf5 13. Re1 Re8 14. Qd2 h5 15. Nd4 Bd7 16. Rad1 Rc8 17. Qf4 Nh7 18. Bxg7 Kxg7 19. Ne6+ fxe6 20. dxe6 Nf6 21. exd7 Nxd7 22.
Qd4+ Nf6 23. Qe5 1-0

[Event "*** SCC Grand Prix: Titled Tuesday Blitz"]
[Site "Chess.com"]
[Date "2020.10.06"]
[Round "1"]
[White "jacky72"]
[Black "FMalexhdez"]
[Result "1-0"]
[WhiteElo "2576"]
[BlackElo "2260"]
[TimeControl "180+1"]
[EndTime "10:04:05 PDT"]
[Termination "jacky72 won by resignation"]

1. d4 Nf6 2. g3 d5 3. Bg2 c6 4.
Nf3 g6 5. O-O Bg7 6. c4 O-O 7. b3 a6 8. Bb2 b5 9. cxd5 cxd5 10.
Ne5 Bb7 11. Nd2 Nfd7 12. Ndf3 Nxe5 13. Nxe5 Nd7 14. Rc1 Nxe5 15. dxe5 Qd7 16. Qd2 Rfc8 17. e4 e6 18. exd5 Bxd5 19. Bxd5 Qxd5 20. Qxd5 exd5 21. Rfd1 Rxc1 22. Rxc1 Kf8 23. Rc7 Ke8 24. f4 Bf8 25.
Kf2 Be7 26. Bd4 Kd8 27. Bb6 Rb8 28. Rb7+ Kc8 29. Rxe7 Rxb6 30. Rxf7 h5 31. Ke3 a5 32. Kd4 a4 33. Kxd5 axb3 34. axb3 1-0

[Event "*** SCC Grand Prix: Titled Tuesday Blitz"]
[Site "Chess.com"]
[Date "2020.10.06"]
[Round "1"]
[White "davidkalashian"]
[Black "Chessbard1972"]
[Result "1-0"]
[WhiteElo "2574"]
[BlackElo "2259"]
[TimeControl "180+1"]
[EndTime "10:04:06 PDT"]
[Termination "davidkalashian won by resignation"]

1. e4 c5 2. Nc3 a6 3. Nf3 e6 4. d4 cxd4 5. Nxd4 Nc6 6. Be2 Qc7 7. O-O Nf6 8. Be3 Bb4 9. Na4 b5 10. Nxc6 bxa4 11. Nxb4 Nxe4 12. Bf3 Bb7 13. Qd4 Nf6 14. Bxb7 Qxb7 15. Bg5 Rg8 16. Nd3 Ne4 17. Be3 Rc8 18.
Qxa4 f5 19. Rad1 g5 20. Ne5 Rc7 21. f3 Nf6 22. Nc4 Kf8 23. Nd6 Qxb2 24. Bd4 Qxc2 25. Qxc2 Rxc2 26. Bxf6 Rxa2 27. Rb1 1-0

[Event "*** SCC Grand Prix: Titled Tuesday Blitz"]
[Site "Chess.com"]
[Date "2020.10.06"]
[Round "1"]
[White "Shivagami"]
[Black "blitzking1729"]
[Result "0-1"]
[WhiteElo "2218"]
[BlackElo "2546"]
[TimeControl "180+1"]
[EndTime "10:04:07 PDT"]
[Termination "blitzking1729 won by resignation"]

1. f4 e5 2. fxe5 d6 3. exd6 Bxd6 4. g3 h5 5. Nf3 h4 6. gxh4 Bg4 7. e3 Nc6 8. Nc3 Ne5 9. Bg2 Qf6 10. O-O Nxf3+ 11.
Bxf3 Qxh4 0-1

[Event "*** SCC Grand Prix: Titled Tuesday Blitz"]
[Site "Chess.com"]
[Date "2020.10.06"]
[Round "1"]
[White "Jospem"]
[Black "StellarChessPro"]
[Result "1-0"]
[WhiteElo "2984"]
[BlackElo "2469"]
[TimeControl "180+1"]
[EndTime "10:04:10 PDT"]
[Termination "Jospem won by resignation"]

1. e4 g6 2. d4 Bg7 3. Nf3 d6 4. Bc4 Nf6 5. Nbd2 O-O 6. Bb3 c5 7. dxc5 dxc5 8. Qe2 Nc6 9. c3 Nd7 10. O-O h6 11. Rd1 Qc7 12. Nf1 Nb6 13. Ne3 Rd8 14. Rxd8+ Qxd8 15. Nd5 e6 16. Nxb6 axb6 17. Bf4 e5 18.
Be3 Qe7 19. Bd5 Be6 20. Rd1 Qe8 21. a3 Rb8 22. b4 Qe7 23. h3 Kh7 24. Qb5 Na7 25.
Qxb6 cxb4 26. Qxa7 1-0

[Event "*** SCC Grand Prix: Titled Tuesday Blitz"]
[Site "Chess.com"]
[Date "2020.10.06"]
[Round "1"]
[White "Malysch"]
[Black "bocah_sakit"]
[Result "0-1"]
[WhiteElo "2426"]
[BlackElo "2826"]
[TimeControl "180+1"]
[EndTime "10:04:10 PDT"]
[Termination "bocah_sakit won by resignation"]

1. d4 Nf6 2. c4 g6 3. g3 Bg7 4. Bg2 O-O 5. Nf3 d6 6. O-O Nc6 7. Nc3 e5 8. d5 Nb8 9. e4 a5 10. Ne1 Na6 11. Nd3 Nb4 12. b3 Nd7 13. a3 Nxd3 14.
Qxd3 Nc5 15. Qc2 f5 16. Be3 b6 17. b4 Na6 18. Rfb1 axb4 19. axb4 Nxb4 20. Qb3 Rxa1 21. Rxa1 Nd3 22. Nb5 fxe4 23. Ra7 Rf7 24. Nxc7 Rxc7 25. Bxb6 Rxa7 0-1

[Event "*** SCC Grand Prix: Titled Tuesday Blitz"]
[Site "Chess.com"]
[Date "2020.10.06"]
[Round "1"]
[White "JonahWillow"]
[Black "Vamostodorecto"]
[Result "1-0"]
[WhiteElo "2704"]
[BlackElo "2367"]
[TimeControl "180+1"]
[EndTime "10:04:10 PDT"]
[Termination "JonahWillow won by resignation"]

1. e4 e5 2. Nf3 Nc6 3. Nc3 Nf6 4.
Bb5 Nd4 5. Bc4 d5 6. Nxd5 Bg4 7. c3 Nxf3+ 8. gxf3 Bh3 9. d3 c6 10. Nxf6+ Qxf6 11. f4 Bc5 12. Qh5 Bg2 13. Rg1 g6 14. Qg4 1-0

[Event "*** SCC Grand Prix: Titled Tuesday Blitz"]
[Site "Chess.com"]
[Date "2020.10.06"]
[Round "1"]
[White "Aleksey_Sorokin"]
[Black "Oligan22"]
[Result "1-0"]
[WhiteElo "2833"]
[BlackElo "2433"]
[TimeControl "180+1"]
[EndTime "10:04:13 PDT"]
[Termination "Aleksey_Sorokin won by resignation"]

1. d4 Nf6 2. c4 e6 3. Nf3 Bb4+ 4. Nbd2 O-O 5. a3 Be7 6. e4 d5 7. e5 Nfd7 8. Bd3 c5 9. h4 cxd4 10. Bxh7+ Kxh7 11. Ng5+ Kh6 12. Ndf3 Qa5+ 13. Bd2 Qa6 14. Nxe6+ Kg6 15. Qc2+ f5 16. exf6+ Kxf6 17. Nxf8 Nxf8 18. O-O Qxc4 19. Bg5+ Kf7 20. Ne5+ 1-0

[Event "*** SCC Grand Prix: Titled Tuesday Blitz"]
[Site "Chess.com"]
[Date "2020.10.06"]
[Round "1"]
[White "maximnovik"]
[Black "BikingBrian"]
[Result "1-0"]
[WhiteElo "2538"]
[BlackElo "2201"]
[TimeControl "180+1"]
[EndTime "10:04:13 PDT"]
[Termination "maximnovik won by resignation"]

1. d4 Nf6 2. Bg5 c5 3. Bxf6 gxf6 4. d5 Qb6 5. Qc1 f5 6. c4 Bg7 7. Nc3 d6 8. e3 Nd7 9. Qc2 Nf6 10. Bd3 Ne4 11. Nge2 Bd7 12. O-O Rg8 13. Nxe4 fxe4 14. Bxe4 Qxb2 15. Qxb2 Bxb2 16. Rab1 Bf6 17. Rxb7 Bc8 18.
Rb3 Ba6 19. Bxh7 Rh8 20. Bd3 Kd7 21. Rfb1 Rh4 22. g3 Rh6 23. Ra3 Bc8 24. Bf5+ e6 25. dxe6+ fxe6 26. Be4 1-0

[Event "*** SCC Grand Prix: Titled Tuesday Blitz"]
[Site "Chess.com"]
[Date "2020.10.06"]
[Round "1"]
[White "korkmaz16"]
[Black "Ermito2020"]
[Result "1/2-1/2"]
[WhiteElo "2340"]
[BlackElo "2645"]
[TimeControl "180+1"]
[EndTime "10:04:17 PDT"]
[Termination "Game drawn by repetition"]

1. e4 e6 2. d4 d5 3. e5 c5 4. c3 Nc6 5. Nf3 Qb6 6. a3 Bd7 7. b4 cxd4 8. cxd4 Nh6 9. Bd3 Nf5 10. Bxf5 exf5 11. O-O Be7 12. Nc3 Be6 13. Na4 Qd8 14.
Nc5 b6 15. Nxe6 fxe6 16. Bf4 Rc8 17. Rc1 O-O 18. Qd2 h6 19. Bxh6 gxh6 20. Qxh6 Qe8 21. b5 Na5 22. Rxc8 Qxc8 23. Qg6+ Kh8 24. Qh6+ Kg8 25.
Qg6+ Kh8 26. Qh6+ Kg8 1/2-1/2

[Event "*** SCC Grand Prix: Titled Tuesday Blitz"]
[Site "Chess.com"]
[Date "2020.10.06"]
[Round "1"]
[White "Tsyhanchuk_Stanislav"]
[Black "TrimitziosP7"]
[Result "0-1"]
[WhiteElo "2407"]
[BlackElo "2800"]
[TimeControl "180+1"]
[EndTime "10:04:22 PDT"]
[Termination "TrimitziosP7 won by checkmate"]

1. e4 e5 2. Nf3 Nf6 3. Nxe5 Nc6 4. Nxc6 dxc6 5. Nc3 Bc5 6. Be2 h5 7. O-O Ng4 8. h3 Qd6 9. e5 Qd4 10. Bxg4 hxg4 11.
Ne2 Qe4 12. Ng3 Qh7 13. d4 Bb6 14. h4 Qxh4 15. Re1 Be6 16. Be3 Qh2+ 17. Kf1 Bc4+ 18.
Re2 Qh1+ 19. Nxh1 Rxh1# 0-1

[Event "*** SCC Grand Prix: Titled Tuesday Blitz"]
[Site "Chess.com"]
[Date "2020.10.06"]
[Round "1"]
[White "sokidze"]
[Black "grunbergmihai"]
[Result "1-0"]
[WhiteElo "2706"]
[BlackElo "2368"]
[TimeControl "180+1"]
[EndTime "10:04:25 PDT"]
[Termination "sokidze won by resignation"]

1. e4 Nf6 2. e5 Nd5 3. d4 d6 4. c4 Nb6 5. exd6 cxd6 6. Nc3 g6 7.
Be3 Bg7 8. Rc1 O-O 9. b3 e5 10. dxe5 dxe5 11. c5 N6d7 12. Bb5 Nc6 13. Bxc6 bxc6 14.
Nge2 Qa5 15. Qd6 Re8 16. Qxc6 Rb8 17. Qa4 Qxa4 18. Nxa4 Ba6 19. f3 Rec8 20. Kf2 f5 21.
Rhd1 Bb5 22. Nac3 Nxc5 23. Nxb5 Rxb5 24. b4 Rxb4 25. Rxc5 Rxc5 26. Bxc5 Rb2 27. Rd8+ Kf7 28. Rd7+ Kg8 29. Rxa7 1-0

[Event "*** SCC Grand Prix: Titled Tuesday Blitz"]
[Site "Chess.com"]
[Date "2020.10.06"]
[Round "1"]
[White "Alexander_Donchenko"]
[Black "sotochess"]
[Result "1-0"]
[WhiteElo "2760"]
[BlackElo "2399"]
[TimeControl "180+1"]
[EndTime "10:04:35 PDT"]
[Termination "Alexander_Donchenko won by resignation"]

1. Nf3 Nf6 2. c4 g6 3. Nc3 Bg7 4. e4 d6 5. d4 O-O 6. Be2 Bg4 7. Be3 Nfd7 8. O-O Bxf3 9. Bxf3 Nc6 10. d5 Na5 11. Be2 c5 12. dxc6 bxc6 13. Qd2 c5 14. Rad1 Nc6 15. b3 Re8 16. Bg4 Nde5 17. Bh3 Qa5 18. Nd5 Qd8 19. f4 Nd7 20. e5 Nb6 21. e6 f5 22. g4 fxg4 23. Bxg4 Rf8 24. Kh1 Nxd5 25. cxd5 Nd4 26. f5 Nxf5 27. Bxf5 Rxf5 28.
Rxf5 gxf5 29. Rg1 Kh8 30. Rxg7 Kxg7 31. Bh6+ Kf6 32. Qc3+ Kg6 33. Qg7+ 1-0

[Event "*** SCC Grand Prix: Titled Tuesday Blitz"]
[Site "Chess.com"]
[Date "2020.10.06"]
[Round "1"]
[White "chorejason"]
[Black "StiffMaster1"]
[Result "0-1"]
[WhiteElo "2146"]
[BlackElo "2520"]
[TimeControl "180+1"]
[EndTime "10:04:44 PDT"]
[Termination "StiffMaster1 won by resignation"]

1. e4 g6 2. d4 Bg7 3. Nc3 d6 4. f4 a6 5. Nf3 b5 6. Bd3 Bb7 7. O-O Nd7 8. Be3 c5 9. d5 Ngf6 10. Qe1 c4 11. Be2 b4 12. e5 bxc3 13. exf6 Bxf6 14.
bxc3 Bxd5 15. Rd1 Qa5 16. Bd4 O-O 17. f5 e5 18. Be3 gxf5 19. Bh6 Kh8 20. Bxf8 Rxf8 21.
Qg3 Rg8 22. Qh3 Be6 23. Rxd6 Qc5+ 0-1

[Event "*** SCC Grand Prix: Titled Tuesday Blitz"]
[Site "Chess.com"]
[Date "2020.10.06"]
[Round "1"]
[White "Shubinkirill2003"]
[Black "dosto07"]
[Result "0-1"]
[WhiteElo "2654"]
[BlackElo "2364"]
[TimeControl "180+1"]
[EndTime "10:04:47 PDT"]
[Termination "dosto07 won by resignation"]

1. e4 e5 2. Nf3 Nc6 3. Bb5 a6 4.
Ba4 Nf6 5. O-O Be7 6. Re1 b5 7. Bb3 O-O 8. c3 d6 9. h3 Na5 10. Bc2 c5 11. d4 Qc7 12. d5 Nc4 13. b3 Nb6 14. Nbd2 c4 15. bxc4 Nxc4 16. Nxc4 Qxc4 17. Bb2 Bd7 18. Bd3 Qc7 19. Rc1 Rac8 20. a3 Qa7 21. Qe2 Bd8 22. c4 Bb6 23. Rf1 Nh5 24. Nxe5 Nf4 25. Qg4 Bxg4 0-1